 Dungeon Sprint DCSS version 0.29.1-2-gbd0b4ee654 (webtiles) character file.

Game seed: 7199877926368702015

6097 Zeld the Severer (level 10, -1/154 HPs)
             Began as a Minotaur Berserker on Oct 29, 2022.
             Was the Champion of Trog.
             Killed by vampiric draining
             ... invoked by a vampire knight
              (12 damage)
             ... in the Dungeon (Sprint VII: "The Pits").
             The game lasted 00:01:57 (2731 turns).

Zeld the Severer (Minotaur Berserker)               Turns: 2731, Time: 00:01:58

Health: -1/154     AC: 19    Str: 26    XL:     10   Next: 58%
Magic:  9/9        EV: 11    Int:  4    God:    Trog [******]
Gold:   0          SH:  0    Dex: 10    Spells: 9/9 levels left

rFire   . . .      SeeInvis .   a - +4 executioner's axe (flame)
rCold   . . .      Faith    .   (shield currently unavailable)
rNeg    . . .      Spirit   .   b - +2 plate armour
rPois   .          Reflect  .   (helmet restricted)
rElec   .          Harm     .   (no cloak)
rCorr   .          Rampage  .   n - +0 pair of gloves
Will    .....      NoTele   +   (no boots)
Stlth   ..........              (no amulet)
HPRegen 0.35/turn               (no ring)
MPRegen 0.11/turn               (no ring)

@: berserking, very quick
A: horns 2, retaliatory headbutt
a: Renounce Religion, Berserk, Trog's Hand, Brothers in Arms


You were in the Dungeon.
You worshipped Trog.
Trog was exalted by your worship.
You visited 1 branch

Inventory:

Hand Weapons
 a - a +4 executioner's axe of flaming (weapon)
Armour
 b - a +2 plate armour (worn)
 n - a +0 pair of gloves (worn)
Scrolls
 h - a scroll of blinking
 j - a scroll of summoning
Potions
 c - 6 potions of curing
 d - 8 potions of heal wounds
 e - 2 potions of haste
 f - 4 potions of magic
 g - 4 potions of berserk rage
 i - 2 potions of invisibility
 k - 3 potions of resistance
 l - a potion of might
 m - a potion of mutation


   Skills:
 + Level 14.1 Fighting
 * Level 19.1 Axes
 + Level 13.9 Armour
 + Level 12.8 Dodging


You had 9 spell levels left.
You didn't know any spells.
Your spell library was empty.

Dungeon Overview and Level Annotations

Branches:
Dungeon (1/1)

Altars:
Ashenzari
Cheibriados
Dithmenos
Elyvilon
Fedhas
Gozag
Hepliaklqana
Kikubaaqudgha
Makhleb
Nemelex Xobeh
Okawaru
Qazlal
Ru
Sif Muna
Trog
Uskayaw
Vehumet
Wu Jian
Xom
Yredelemnul
Zin
The Shining One
Jiyva
Lugonu


Innate Abilities, Weirdness & Mutations

You have a pair of horns on your head.
You reflexively headbutt those who attack you in melee.


Message History

You start waiting.
There is an open door, spattered with blood here.
Items here: ) [[ †.
You start waiting.
A vampire knight comes into view. It is wielding a +0 great sword.
The vampire knight shouts!
The vampire knight points at you and mumbles some strange words.
The vampire knight blinks!
An earth elemental comes into view.
There is an open door here.
You hit the vampire knight but do no damage.
You slash the vampire knight! You burn the vampire knight.
The vampire knight is lightly damaged.
The vampire knight hits you with a +0 great sword!
The vampire knight bites you but does no damage.
You slash the vampire knight! You burn the vampire knight.
The vampire knight is heavily damaged.
The vampire knight hits you with a +0 great sword!!
The vampire knight bites you!
The vampire knight draws strength from your injuries!
You slash the vampire knight! You burn the vampire knight.
The vampire knight is severely damaged.
The vampire knight hits you with a +0 great sword!!
* * * LOW HITPOINT WARNING * * *
The vampire knight bites you but does no damage.
You are too injured to fight recklessly!
You hit the vampire knight but do no damage.
You headbutt the vampire knight, but do no damage.
The vampire knight is severely damaged.
The vampire knight closely misses you.
The vampire knight bites you but does no damage.
A red film seems to cover your vision as you go berserk!
You feel yourself moving faster!
You feel mighty!
The vampire knight draws life force from you!!
* * * LOW HITPOINT WARNING * * *
The vampire knight is healed by the life force!
You slash the vampire knight! You burn the vampire knight.
The vampire knight is heavily damaged.
The vampire knight draws life force from you!
You die...

.##''#########
.##......#...+
.##....###)..## .#...
.##...##.†...+.## ....
.##..##..##'##..##.E.#
.##..#..##.)†##..+...#
.##..#..#.....#..#...#
###..'..'.....+.V+...+
###..#..#.....#.@#...#
[##).#..##...##..E...#
.##..##.)##'##..##...#
)##.))##.'...).## ....#
)##....###..)###...#...#
)##......#..÷'....###...#
################### ####


You could see a vampire knight and an earth elemental.

Vanquished Creatures
  A merfolk avatar (D)
  A two-headed ogre (D)
  A vampire mage (D)
  A deep elf pyromancer (D)
  Joseph (D)
  An elephant (D)
  2 orange demons (D)
  An efreet (D)
  An ice devil (D)
  A guardian mummy (D)
  A tarantella (D)
  A hornet (D)
  A spriggan (D)
  4 yaks (D)
  A redback (D)
  A water moccasin (D)
  An acid dragon (D)
  A black bear (D)
  A sky beast (D)
  A centaur (D)
  2 scorpions (D)
  A crimson imp (D)
  2 jellies (D)
  An iguana (D)
  A gnoll (D)
  An orc (D)
  A ball python (D)
  An endoplasm (D)
  A giant cockroach (D)
  A goblin (D)
  6 jackals (D)
  A kobold (D)
  2 quokkas (D)
  A ball python skeleton (D)
  A bat (D)
  A quokka zombie (D)
  2 rats (D)
50 creatures vanquished.

Notes
Turn   | Place    | Note
-------+----------+-------------------------------------------
     0 | D        | Zeld the Minotaur Berserker began the quest for the Orb.
     0 | D        | Reached XP level 1. HP: 19/19 MP: 0/0
    11 | D        | Noticed an orange demon
    19 | D        | Killed an orange demon
    20 | D        | Reached skill level 10 in Axes
    20 | D        | Reached XP level 2. HP: 19/35 MP: 1/1
    20 | D        | Reached XP level 3. HP: 22/40 MP: 2/2
    20 | D        | Reached XP level 4. HP: 27/48 MP: 3/3
    20 | D        | Reached XP level 5. HP: 29/53 MP: 4/4
    20 | D        | Reached XP level 6. HP: 34/61 MP: 5/5
   195 | D        | Reached ** piety under Trog
   200 | D        | Found a bloodstained altar of Trog.
   200 | D        | Found a shimmering blue altar of Sif Muna.
   200 | D        | Found a viscous altar of Jiyva.
   200 | D        | Found a hazy altar of Hepliaklqana.
   200 | D        | Found an opulent altar of Gozag.
   201 | D        | Found a glowing golden altar of the Shining One.
   201 | D        | Found a glowing silver altar of Zin.
   201 | D        | Found a basalt altar of Yredelemnul.
   201 | D        | Found a shimmering altar of Xom.
   201 | D        | Found an ornate altar of the Wu Jian Council.
   201 | D        | Found a sacrificial altar of Ru.
   201 | D        | Found a stormy altar of Qazlal.
   201 | D        | Found an iron altar of Okawaru.
   201 | D        | Found a sparkling altar of Nemelex Xobeh.
   201 | D        | Found a burning altar of Makhleb.
   201 | D        | Found a blossoming altar of Fedhas.
   201 | D        | Found a white marble altar of Elyvilon.
   201 | D        | Found a shadowy altar of Dithmenos.
   201 | D        | Found a snail-covered altar of Cheibriados.
   203 | D        | Found a corrupted altar of Lugonu.
   203 | D        | Found a radiant altar of Vehumet.
   204 | D        | Found a broken altar of Ashenzari.
   204 | D        | Found an ancient bone altar of Kikubaaqudgha.
   204 | D        | Found a hide-covered altar of Uskayaw.
   323 | D        | Reached *** piety under Trog
   344 | D        | Reached **** piety under Trog
   345 | D        | Reached skill level 11 in Axes
   345 | D        | Noticed a water moccasin
   356 | D        | Killed a water moccasin
   357 | D        | Reached XP level 7. HP: 53/69 MP: 6/6
   652 | D        | Reached skill level 12 in Axes
   664 | D        | Reached ***** piety under Trog
   985 | D        | Noticed an orange demon
   993 | D        | Killed an orange demon
   994 | D        | Reached skill level 10 in Fighting
   994 | D        | Reached skill level 13 in Axes
  1204 | D        | Received a gift from Trog
  1205 | D        | Reached XP level 8. HP: 79/79 MP: 7/7
  1223 | D        | Noticed Joseph
  1223 | D        | Noticed an ice devil
  1229 | D        | Killed Joseph
  1230 | D        | Reached skill level 14 in Axes
  1230 | D        | Reached skill level 10 in Armour
  1230 | D        | Killed an ice devil
  1231 | D        | Reached skill level 15 in Axes
  1231 | D        | Reached skill level 10 in Dodging
  1473 | D        | Noticed a two-headed ogre
  1479 | D        | Killed a two-headed ogre
  1479 | D        | Received a gift from Trog
  1480 | D        | Reached skill level 16 in Axes
  1480 | D        | Reached XP level 9. HP: 90/90 MP: 8/8
  1629 | D        | Noticed a guardian mummy
  1640 | D        | Killed a guardian mummy
  1938 | D        | Noticed an efreet
  1945 | D        | Killed an efreet
  1946 | D        | Reached skill level 17 in Axes
  2150 | D        | Reached ****** piety under Trog
  2150 | D        | Received a gift from Trog
  2258 | D        | Noticed a vampire mage
  2258 | D        | Noticed an elephant
  2262 | D        | Killed an elephant
  2263 | D        | Reached XP level 10. HP: 101/101 MP: 9/9
  2271 | D        | Killed a vampire mage
  2272 | D        | Reached skill level 18 in Axes
  2501 | D        | Noticed a merfolk avatar
  2507 | D        | Noticed a deep elf pyromancer
  2517 | D        | Killed a merfolk avatar
  2517 | D        | Received a gift from Trog
  2517 | D        | Killed a deep elf pyromancer
  2518 | D        | Reached skill level 19 in Axes
  2720 | D        | Noticed a vampire knight
  2731 | D        | Killed from afar by a vampire knight

Illustrated notes

Levels and vault maps discovered:
D:        pitsprint [storerooms_1, entrance_room_1, metal_vault_6, armoury_1,
          mini_pit_1, grid_room_1, main_hall_1, silver_pit, the_coven_3,
          the_vestibule_1, steel_vault_4, golden_pit, hallway_of_sentries,
          crystal_vault_4, iron_vault_2, final_vault]

Skill      XL: |  1  2  3  4  5  6  7  8  9 10 |
---------------+-------------------------------+-----
Fighting       | 7 8 10 12 13 14 | 14.1
Axes           | 10 11 13 16 17 19 | 19.1
Armour         | 7 8 9 11 12 13 | 13.9
Dodging        | 6 7 9 10 11 12 | 12.8

Action                   |  1- 3 |  4- 6 |  7- 9 | 10-12 || total
-------------------------+-------+-------+-------+-------++-------
Melee: Hand axe          |     4 |    31 |    41 |       ||    76
       Headbutt          |     2 |     5 |    12 |     4 ||    23
       Broad axe         |       |       |    10 |       ||    10
       Punch             |       |       |     1 |       ||     1
       Executioner's axe |       |       |    21 |    23 ||    44
Invok: Berserk           |     1 |     1 |     8 |     2 ||    12
Armor: Animal skin       |       |     3 |       |       ||     3
       Plate armour      |       |       |    36 |     9 ||    45
Dodge: Dodged            |       |    14 |    23 |     9 ||    46
